 Dungeon Crawl Stone Soup version 0.20.1-1-g8b1a95d (webtiles) character file.

287 Monsterracer the Poker (level 6, -2/50 HPs)
             Began as a Centaur Warper on July 18, 2017.
             Was an Initiate of Ru.
             Slain by an orc wizard
             ... wielding a +0 hand axe
              (4 damage)
             ... on level 4 of the Dungeon.
             The game lasted 00:18:10 (3554 turns).

Monsterracer the Poker (Centaur Warper)             Turns: 3554, Time: 00:18:11

Health: -2/50      AC:  8    Str: 16    XL:     6   Next: 8%
Magic:  8/8        EV:  8    Int: 12    God:    Ru [......]
Gold:   119        SH:  0    Dex:  8    Spells: 3/8 levels left

rFire    . . .     SeeInvis .   k - +0 trident
rCold    . . .     Gourm    .   (no shield)
rNeg     . . .     Faith    .   p - -1 robe (curse)
rPois    .         Spirit   .   (no helmet)
rElec    .         Reflect  .   n - +0 cloak
rCorr    .         Harm     .   (no gloves)
MR       .....                  i - +0 centaur barding
Stlth    +.........             (no amulet)
Regen    0.2/turn               (no ring)
MPRegen  0.2/turn               (no ring)

@: very quick
A: hooves 3, deformed body, speed 2, tough skin 3
a: Renounce Religion


You were on level 4 of the Dungeon.
You worshipped Ru.
Ru was noncommittal.
You were hungry.

You visited 1 branch of the dungeon, and saw 4 of its levels.

You collected 119 gold pieces.

Inventory:

Hand Weapons
 k - a +0 trident (weapon)
Missiles
 e - 5 tomahawks of dispersal (quivered)
Armour
 i - a +0 centaur barding (worn)
 j - a +0 troll leather armour
 n - a +0 cloak (worn)
 p - a cursed -1 robe (worn)
Scrolls
 b - a scroll of magic mapping
 d - a scroll of blinking
 m - 2 scrolls of identify
Books
 c - a book of Spatial Translocations

   Spells                             Type                      Level
   a - Blink                          Translocation                2
   b - Shroud of Golubria             Charms/Translocation         2
   c - Lesser Beckoning               Translocation                3
   d - Gell's Gravitas                Translocation                3
   e - Teleport Other                 Translocation                3
   f - Passage of Golubria            Translocation                4
 r - a book of Cantrips

   Spells                             Type                      Level
   a - Confusing Touch                Hexes                        1
   b - Animate Skeleton               Necromancy                   1
   c - Summon Small Mammal            Summoning                    1
   d - Apportation                    Translocation                1
Comestibles
 a - 3 fruits
 f - 3 bread rations
 g - a royal jelly
 h - a meat ration
 l - a chunk of flesh


   Skills:
 + Level 2.9 Fighting
 * Level 5.0 Polearms
 - Level 1.1 Throwing
 + Level 1.1 Armour
 + Level 2.0 Dodging
 - Level 1.5 Spellcasting
 - Level 2.6 Translocations


You had 3 spell levels left.
You knew the following spells:

 Your Spells              Type           Power        Failure   Level  Hunger
a - Blink                 Tloc           N/A          14%         2    ###....
b - Teleport Other        Tloc           #.......     28%         3    ####...


Dungeon Overview and Level Annotations

Branches:
Dungeon (4/15)
 Temple: D:4-7

Altars:
Elyvilon
Nemelex Xobeh
Ru
Sif Muna
Beogh


Innate Abilities, Weirdness & Mutations

You have hooves in place of feet.
Armour fits poorly on your strangely shaped body.
You cover ground very quickly.
You have extremely tough skin. (AC +3)


Message History

Damage: -2%(-1hp) hp: 14%(7hp) Unknown command.
You barely miss the orc wizard. Your kick misses the orc wizard.
The orc wizard is almost dead.
The orc wizard gestures at you while chanting.
The magic dart hits you!
The orc wizard hits you but does no damage.
You closely miss the orc wizard.
The orc wizard is almost dead.
The orc wizard gestures wildly while chanting.
The orc wizard flickers and vanishes!
Deactivating autopickup; reactivate with Ctrl-A.
You closely miss something. Your kick misses something. Something hits you.
* * * LOW HITPOINT WARNING * * *
Something hits you but does no damage.
The orc throws a stone.
The stone hits you but does no damage.
Huge Dmg: -10%(-5hp) hp: 4%(2hp) Unknown command.
You closely miss something. Something hits you.
You die...

########
*******#......###################
,,,,,,,+.....oo{@..........(.....
*******#....(.#######......######
*******#[.....#**...###....###...
,,,,,o......###,......##........#
*****######.**,........##.).....#
* ###....≈≈≈....#.......< *
*###...≈≈≈≈≈...####.....
**********.....≈≈...≈≈.....#.#.#.
,,,,,,,,,*._...≈≈.>.≈≈...........


You could see 2 orcs.

Vanquished Creatures
  2 orc priests
  3 orc wizards
  A worker ant (D:4)
  4 adders
  3 oozes
  4 worms
  2 dart slugs
  2 orcs (D:3)
  9 bats
  4 giant cockroaches
  10 goblins
  7 hobgoblins
  4 jackals (D:2)
  3 quokkas
  4 frilled lizards
  9 kobolds
  5 rats
76 creatures vanquished.

Notes
Turn   | Place    | Note
-------+----------+-------------------------------------------
     0 | D:1      | Monsterracer the Centaur Warper began the quest for the Orb.
     0 | D:1      | Reached XP level 1. HP: 17/17 MP: 3/3
    33 | D:1      | Reached skill level 2 in Polearms
   109 | D:1      | Found a sparkling altar of Nemelex Xobeh.
   174 | D:1      | Reached XP level 2. HP: 22/24 MP: 4/4
   488 | D:1      | Reached skill level 3 in Polearms
   609 | D:2      | Learned a level 2 spell: Blink
   618 | D:2      | Reached XP level 3. HP: 26/29 MP: 5/5
   970 | D:2      | Reached XP level 4. HP: 12/36 MP: 6/6
  1241 | D:2      | Reached skill level 4 in Polearms
  1246 | D:2      | Learned a level 3 spell: Teleport Other
  1699 | D:3      | Reached XP level 5. HP: 13/42 MP: 5/7
  2096 | D:3      | Found a white marble altar of Elyvilon.
  2324 | D:3      | Found a roughly hewn altar of Beogh.
  2647 | D:4      | Found a deep blue altar of Sif Muna.
  2789 | D:4      | Found a sacrificial altar of Ru.
  2869 | D:4      | Became a worshipper of Ru the Awakened
  3280 | D:4      | Reached skill level 1 in Armour
  3411 | D:4      | Reached skill level 5 in Polearms
  3411 | D:4      | Reached XP level 6. HP: 42/50 MP: 8/8
  3553 | D:4      | HP: 2/50 [something (5)]
  3554 | D:4      | Slain by an orc wizard

Skill      XL: |  1  2  3  4  5 |
---------------+----------------+-----
Polearms       | 2 3 4 5 |  5.0
Dodging        | 2 |  2.0
Armour         | 1 |  1.1
Fighting       | |  2.9
Throwing       | |  1.1
Spellcasting   | |  1.5
Translocations | |  2.6

Action                   |  1- 3 |  4- 6 || total
-------------------------+-------+-------++-------
Melee: Spear             |   148 |   119 ||   267
       Kick              |    16 |    25 ||    41
       Trident           |       |    99 ||    99
 Cast: Blink             |       |     3 ||     3
  Use: Potion            |       |     5 ||     5
       Scroll            |       |     5 ||     5
  Eat: Chunk             |       |     7 ||     7
Armor: Leather armour    |    37 |    24 ||    61
       Robe              |       |    51 ||    51
       Skin              |       |     9 ||     9
Dodge: Dodged            |    20 |    61 ||    81
